 Dungeon Crawl Stone Soup version 0.14-a0-3278-gb24e923 (webtiles) character file.

104 4tharraofdagon the Firebug (level 3, -8/15 HPs)
             Began as a Felid Fire Elementalist on Mar 13, 2014.
             Killed from afar by Sigmund (10 damage)
             ... with a magic dart
             ... on Level 6 of the Dungeon.
             The game lasted 00:06:24 (1005 turns).

4tharraofdagon the Firebug (FeFE)                   Turns: 1005, Time: 00:06:24

HP  -8/15        AC  1     Str  4      XL: 3   Next: 89%
MP   7/8         EV 18     Int 17      God:
Gold 41          SH  0     Dex 19      Spells:  2 memorised,  3 levels left
Lives: 0, deaths: 1

rFire  . . .     SeeInvis +     (weapon unavailable)
rCold  . . .     Clarity  .     (armour unavailable)
rNeg   . . .     Conserve .     (shield unavailable)
rPois  .         rCorr    .     (helmet unavailable)
rElec  .         rRot     .     (cloak unavailable)
SustAb . .       Spirit   .     (gloves unavailable)
rMut   .         Warding  .     (boots unavailable)
Saprov . . .     Stasis   .     r - amulet of rage
MR     .....                    (no ring)
                                t - +3 ring of dexterity

@: very slightly contaminated, quick, not resistant to hostile enchantments,
quite stealthy
A: paw claws, no armour, no weapons or thrown items, fangs 3, see invisible,
carnivore 3, speed 1, shaggy fur 1, slow metabolism 1, jump 1
a: Jump Attack, Evoke Berserk Rage


You were on level 6 of the Dungeon.
You were very full.

You visited 1 branch of the dungeon, and saw 6 of its levels.

You collected 92 gold pieces.
You spent 51 gold pieces at shops.

Inventory:

Magical devices
 h - a wand of polymorph (13)
 k - a wand of cold (5)
 o - a wand of random effects (13)
 q - a wand of hasting (5) {unknown}
Comestibles
 c - 3 meat rations
Scrolls
 a - a scroll of remove curse
 d - a scroll of blinking
Jewellery
 e - an uncursed amulet of stasis {unknown}
 f - an uncursed amulet of warding {unknown}
 r - an amulet of rage (around neck)
 t - a +3 ring of dexterity (left paw)
Potions
 i - a potion of brilliance {unknown}
 j - a potion of curing {unknown}
 l - a potion of might {unknown}
 m - a potion of resistance {unknown}
 n - a potion of poison {unknown}
 p - a potion of agility {unknown}
Books
 b - a book of Flames

   Spells                             Type                      Level
   *Flame Tongue                      Conjuration/Fire             1
   Throw Flame                        Conjuration/Fire             2
   *Conjure Flame                     Conjuration/Fire             3
   Inner Flame                        Hexes/Fire                   3
   Sticky Flame                       Conjuration/Fire             4
   Fireball                           Conjuration/Fire             5


   Skills:
 + Level 1.1 Fighting
 - Level 2.6 Dodging
 - Level 2.6 Stealth
 + Level 2.7 Spellcasting
 * Level 2.4 Conjurations
 * Level 3.6 Fire Magic
 + Level 0.0 Evocations


You had 3 spell levels left.
You knew the following spells:

 Your Spells              Type           Power        Failure   Level  Hunger
a - Flame Tongue          Conj/Fire      ##...        6%          1    #......
b - Conjure Flame         Conj/Fire      ##......     17%         3    ###....


Dungeon Overview and Level Annotations

Branches:
Dungeon (6/15)
 Temple: D:4-7

Altars:

Shops:
D:4 *

Annotations:
D:5 Blork the orc
D:6 Sigmund


Innate Abilities, Weirdness & Mutations

You cannot wear armour.
You are incapable of wielding weapons or throwing items.
Your paws have sharp claws.
You have razor-sharp teeth.
You have supernaturally acute eyesight.
You are carnivorous and can eat meat at any time.
You cover ground quickly.
You are covered in fur (AC +1).
You have a slow metabolism.
You can jump attack at a short distance.


Message History

Aiming: Flame Tongue
Press: ? - help, Shift-Dir - straight line, f - hobgoblin
Aim: a hobgoblin, wielding a club You miscast Flame Tongue.
You are very lightly contaminated with residual magic.
You feel a strange surge of energy! Sigmund looks at you with fury.
Sigmund gestures wildly while chanting.
Sigmund flickers and vanishes for a moment.
Read which item? (? for menu, Esc to quit)
As you read the scroll labeled MINUZOSESY, it crumbles to dust.
The creatures around you are filled with an inner flame!
It was a scroll of immolation.
Sigmund gestures at you while chanting. The puff of flame hits you!
* * * LOW HITPOINT WARNING * * *
Sigmund points at you and mumbles some strange words.
The magic dart hits you!
Ouch! That really hurt!
You die...

###### ......#
.......## .........##
........@.##
...........##
........g..##
.............##
..............##
...............##
.................##
........@.........##
...................##


You could see Sigmund (invisible) and a hobgoblin (inner flame).

Vanquished Creatures
  A big kobold (D:4)
  An adder (D:4)
  A giant mite (D:5)
  2 worms
  An ooze (D:5)
  2 orcs
  A bat (D:4)
  A bat skeleton (D:4)
  A goblin (D:2)
  3 hobgoblins
  A quokka (D:2)
  A ball python (D:5)
  2 giant cockroaches
  A jackal (D:6)
  5 kobolds
  3 rats
27 creatures vanquished.

Notes
Turn   | Place    | Note
--------------------------------------------------------------
     0 | D:1      | 4tharraofdagon, the Felid Fire Elementalist, began the quest for the Orb.
     0 | D:1      | Reached XP level 1. HP: 7/7 MP: 4/4
    98 | D:2      | Reached skill level 1 in Conjurations
   135 | D:2      | Reached XP level 2. HP: 11/11 MP: 2/5
   399 | D:4      | Noticed a steam dragon
   399 | D:4      | a worker ant changed into a steam dragon
   400 | D:4      | Noticed a big kobold
   400 | D:4      | a steam dragon changed into a big kobold
   415 | D:4      | Killed a big kobold
   415 | D:4      | Reached skill level 1 in Fighting
   415 | D:4      | Reached skill level 3 in Fire Magic
   415 | D:4      | Reached XP level 3. HP: 13/15 MP: 0/8
   415 | D:4      | Reached XP level 4. HP: 16/19 MP: 0/11
   420 | D:4      | Learned a level 3 spell: Conjure Flame
   602 | D:4      | Found Eduotoadgh's Assorted Antiques.
   605 | D:4      | Bought a blue potion for 24 gold pieces
   605 | D:4      | Bought a scroll labeled JOOSHR STUFAWK for 27 gold pieces
   660 | D:5      | Entered Level 5 of the Dungeon
   737 | D:5      | Noticed a centaur
   803 | D:5      | Succumbed to a kobold's poison
   804 | D:5      | Reached XP level 3. HP: 0/15 MP: 8/8
   936 | D:5      | Noticed Blork the orc
   996 | D:6      | Noticed Sigmund
  1005 | D:6      | Killed from afar by Sigmund

Action                   |  1- 3 |  4- 6 || total
-------------------------+-------+-------++-------
Melee: Unarmed           |     2 |    14 ||    16
 Cast: Flame Tongue      |    28 |    13 ||    41
       Conjure Flame     |       |     2 ||     2
Evoke: Wand              |     4 |     2 ||     6
  Use: Scroll            |     3 |       ||     3
       Potion            |       |     1 ||     1
